Map: Kairos Junction LE

Players

DisK - Winner!

  • Race: Protoss Protoss
  • League: Master
  • Spawn Location: 5:00

VOD

Have the link to the VOD?

Description

Time

  • Played on: May 27, 2019, 6:59 p.m.
  • Length: 7:17
Show
View Real Time Build Order
Export as new Build Order

DisK Protoss - Winner!

Build Orders: 1 Gate Expand, Phoenix Opening 

Get SALT Encoding   

  12  0:02  Probe  
  12  0:14  Probe  
  12  0:20  Pylon  
  12  0:26  Probe  
  12  0:34  Probe  
  12  0:40  Gateway  
  12  0:42  Probe  
  12  0:48  Assimilator  
  12  0:52  Probe  
  12  1:04  Probe  
  12  1:17  Probe  
  12  1:24  Nexus  
  12  1:29  Probe  
  12  1:37  Cybernetics Core  
  12  1:41  Probe  
  12  1:47  Assimilator  
  12  1:52  Pylon  
  12  1:56  Probe  
  12  2:04  Adept  
  12  2:10  Probe  
  12  2:18  Stargate  
  12  2:22  Probe  
  12  2:24  Adept  
  12  2:26  Warp Gate  
  12  2:33  Probe  
  12  2:36  Probe  
  12  2:43  Probe  
  12  2:48  Probe  
  12  2:54  Adept  
  12  2:57  Twilight Council  
  12  3:04  Probe, Phoenix  
  12  3:10  Resonating Glaives  
  12  3:14  Probe  
  12  3:16  Probe  
  12  3:20  Gateway  
  12  3:26  Probe  
  12  3:27  Gateway  
  12  3:35  Probe  
  12  3:42  Pylon  
  12  3:43  Probe  
  12  3:47  Probe  
  12  3:48  Assimilator  
  12  3:51  Assimilator  
  12  3:55  Probe  
  12  3:59  Probe  
  12  4:00  Pylon  
  12  4:04  Robotics Facility  
  12  4:08  Probe  
  12  4:12  Probe  
  12  4:15  Adept x2  
  12  4:21  Adept  
  12  4:22  Probe  
  12  4:26  Pylon  
  12  4:31  Probe  
  12  4:34  Probe  
  12  4:36  Adept x2  
  12  4:47  Pylon  
  12  4:51  Immortal  
  12  4:53  Probe  
  12  5:01  Pylon  
  12  5:02  Sentry  
  12  5:03  Sentry  
  12  5:05  Sentry  
  12  5:12  Gateway x2  
  12  5:14  Gateway  
  12  5:18  Immortal  
  12  5:20  Pylon  
  12  5:37  Pylon  
  12  5:41  Sentry x3  
  12  5:44  Pylon  
  12  5:49  Warp Prism  
  12  6:06  Adept  
  12  6:07  Sentry, Adept x2  
  12  6:08  Sentry  
  12  6:09  Adept  
  12  6:17  Pylon  
  12  6:18  Observer  
  12  6:20  Pylon  
  12  6:29  Adept x3  
  12  6:45  Pylon  
  12  6:48  Stalker x3  
  12  6:49  Stalker  
  12  6:50  Stalker x2  
  12  7:11  Stalker x3  
  12  7:12  Stalker  
  12  7:13  Stalker x2  
Tags
 
Add a new tag
Caveats
  • Supply blocks, unpowered buildings, or Contaminate may cause inaccurate times.
  • Supply counts are checked every 10 seconds.